 Dungeon Crawl Stone Soup version 0.26.1-2-gb8aa6d0cf2 (webtiles) character file.

Game seed: 11578328048267986285

47 DasRunzen the Slasher (level 3, -2/29 HPs)
             Began as a Demigod Gladiator on Feb 12, 2021.
             Killed by nerve-wracking pain
             ... invoked by Jessica
              (4 damage)
             ... on level 2 of the Dungeon.
             The game lasted 00:02:14 (1240 turns).

DasRunzen the Slasher (Demigod Gladiator)           Turns: 1240, Time: 00:02:15

Health: -2/29      AC:  5    Str: 17    XL:     3   Next: 29%
Magic:  6/6        EV: 13    Int: 14    God:
Gold:   58         SH:  0    Dex: 17    Spells: 3/3 levels left

rFire    . . .     SeeInvis .   a - +1 long sword
rCold    . . .     Faith    .   (no shield)
rNeg     . . .     Spirit   .   b - +0 leather armour
rPois    .         Reflect  .   c - +0 helmet
rElec    .         Harm     .   (no cloak)
rCorr    .         Rampage  .   o - +0 pair of gloves {archery}
Will     .....                  (no boots)
Stlth    ++........             (no amulet)
HPRegen  0.09/turn              n - ring of stealth
MPRegen  0.10/turn              (no ring)

@: no status effects
A: high mp 1
a: no special abilities


You were on level 2 of the Dungeon.
You visited 1 branch of the dungeon, and saw 2 of its levels.

You collected 58 gold pieces.

Inventory:

Hand Weapons
 a - a +1 long sword (weapon)
Armour
 b - a +0 leather armour (worn)
 c - a +0 helmet (worn)
 o - a +0 pair of gloves of archery (worn)
Jewellery
 n - a ring of stealth (left hand)
Scrolls
 e - a scroll of remove curse
Potions
 f - 2 potions of curing
 g - a potion of invisibility
 j - 2 potions of haste {unknown}
 k - a potion of might {unknown}
 p - a potion of heal wounds {unknown}


   Skills:
 + Level 2.2 Fighting
 + Level 3.1 Long Blades
 - Level 1.7 Throwing
 + Level 1.0 Armour
 + Level 3.0 Dodging
 + Level 0.8 Spellcasting


You had 3 spell levels left.
You didn't know any spells.
Your spell library was empty.

Dungeon Overview and Level Annotations

Branches:
Dungeon (2/15)

Annotations:
D:2 Jessica


Innate Abilities, Weirdness & Mutations

You have an increased reservoir of magic. (+10% MP)


Message History

Unknown command.
You hit Jessica.
Jessica is heavily wounded.
Jessica barely misses you.
You barely miss Jessica.
Jessica is heavily wounded.
The rat bites you but does no damage.
Jessica gestures wildly while chanting.
Jessica seems to speed up.
The rat barely misses you.
You riposte.
You hit the rat.
You kill the rat!
Jessica gestures wildly while chanting.
Jessica blinks!
Jessica points at you and mumbles some strange words.
Pain shoots through your body!
* * * LOW HITPOINT WARNING * * *
You see here 10 gold pieces.
Jessica casts a spell at you. Pain shoots through your body!
You die...

#. #.. .####.....#.#
.#.##..#.............
.<...... #.##.......#
........ #.##)......###
........ #.##..........
........###.##.###......
...##.............).....
>.....#.$†.........)...[
.......@.#.......#######
.......@.#......##
#.####..##...#..#
....#..#.#.##
.......##...# ....?..
#..##
..###...##..#########
... #..(............#
#.#.........>...#


You could see Jessica (fast).

Vanquished Creatures
  A worm (D:2)
  2 dart slugs
  A leopard gecko (D:1)
  9 bats (D:1)
  6 goblins
  4 hobgoblins (D:1)
  3 jackals (D:1)
  2 kobolds (D:1)
  2 frilled lizards (D:1)
  6 rats
36 creatures vanquished.

Notes
Turn   | Place    | Note
-------+----------+-------------------------------------------
     0 | D:1      | DasRunzen the Demigod Gladiator began the quest for the
                  | Orb.
     0 | D:1      | Reached XP level 1. HP: 17/17 MP: 3/3
   452 | D:1      | Reached XP level 2. HP: 22/24 MP: 4/4
  1030 | D:1      | Reached XP level 3. HP: 29/29 MP: 6/6
  1032 | D:1      | Reached skill level 1 in Armour
  1231 | D:2      | Noticed Jessica
  1239 | D:2      | HP: 1/29 [Jessica/nerve-wracking pain (13)]
  1240 | D:2      | Killed from afar by Jessica

Illustrated notes

Levels and vault maps discovered:
D:1:      dpeg_arrival_concentric_ovals, layout_loops_cross
D:2:      layout_rooms, lemuel_crystal_altar, lightli_temple_of_fire,
          minitemple, serial_bayou_crossing, uniq_jessica

Skill      XL: |  1  2  3 |
---------------+----------+-----
Fighting       | 2 |  2.2
Dodging        | 3 |  3.0
Long Blades    | 3 |  3.1
Armour         | 1 |  1.0
Throwing       | |  1.7
Spellcasting   | |  0.8

Action                   || total
-------------------------++-------
Melee: Long sword        ||    84
  Use: Scroll            ||     7
 Stab: Sleeping          ||     8
Armor: Leather armour    ||    20
Dodge: Dodged            ||    74
       Rpst.: Long sword ||    23
